[Event "ICC tourney 1954 (60 10)"]
[Site "Internet Chess Club"]
[Date "2020.08.09"]
[Round "7"]
[White "NNatha"]
[Black "TigranJunior"]
[Result "1-0"]
[ICCResult "Black forfeits on time"]
[WhiteElo "1417"]
[BlackElo "1299"]
[Opening "Caro-Kann: exchange, Rubinstein variation"]
[ECO "B13"]
[NIC "CK.02"]
[Time "12:02:48"]
[TimeControl "3600+10"]

1. e4 c6 2. d4 d5 3. exd5 cxd5 4. Bd3 Nf6 5. c3 Nc6 6. Bf4 Bg4 7. Qb3 Qd7 8.
Nd2 e6 9. Ngf3 Be7 10. h3 Bh5 11. O-O Bg6 12. Bb5 a6 13. Ne5 Qc8 14. Nxg6
hxg6 15. Bd3 Nh5 16. Bh2 O-O 17. Nf3 b5 18. Ne5 Nf6 19. Rac1 Na5 20. Qc2 Nc4
21. Rfe1 Nxe5 22. Bxe5 Nd7 23. Bf4 Re8 24. Re3 Nf8 25. Rce1 Qd7 26. Be5 Bd6
27. h4 Bxe5 28. Rxe5 f6 29. R5e3 Qf7 30. Rg3 f5 31. Be2 Qf6 32. h5 g5 33.
Rh3 g4 34. Rh1 Qg5 35. Qc1 Qxc1 36. Rxc1 Kh7 37. f3 gxf3 38. Bxf3 Kh6 39.
Kf2 Nh7 40. Rce1 Ng5 41. Re5 Ne4+ 42. Bxe4 dxe4 43. Rh3 Rad8 44. Rg3 Rd5 45.
Rg6+ Kh7 46. Rgxe6 Rxe5 47. Rxe5 Rxe5 48. dxe5 Kg8 49. Ke3 Kf7 50. g4 Ke6
51. gxf5+ Kxe5 52. f6 Kxf6 53. Kxe4 Kg5 54. b3 Kxh5 55. c4 bxc4 56. bxc4 Kg6
57. Ke5 Kf7 58. Kd6 Ke8 59. Kc7 g5 60. c5 g4 61. c6 g3 62. Kb8 g2 63. c7
g1=Q 64. c8=Q+ Ke7 65. Qxa6 Qg3+ 66. Ka7 Qe3+ 67. Ka8 Kd8 68. Qd6+ Kc8 69.
Qc6+ Kd8 70. Qd6+ Kc8 71. Qf8+ Kd7 72. Qf7+ Kc8 73. Qb7+ Kd8 74. Qb8+ Kd7
75. Qb5+ Kd8 76. Qc4 Qb6 77. a4 Qa5+ 78. Kb7 {Black forfeits on time} 1-0

[Event "ICC tourney 1954 (60 10)"]
[Site "Internet Chess Club"]
[Date "2020.08.09"]
[Round "7"]
[White "Cougar2020"]
[Black "Electryon"]
[Result "0-1"]
[ICCResult "White checkmated"]
[WhiteElo "1146"]
[BlackElo "1384"]
[Opening "Scandinavian (center counter) defense"]
[ECO "B01"]
[NIC "SD.02"]
[Time "12:02:25"]
[TimeControl "3600+10"]

1. e4 d5 2. exd5 Qxd5 3. Nc3 Qd8 4. d4 c6 5. Nf3 Bf5 6. Be2 e6 7. a3 Nf6 8.
O-O Be7 9. h3 Nbd7 10. Be3 O-O 11. Qd2 Nd5 12. Nxd5 cxd5 13. Rac1 Rc8 14. c4
dxc4 15. Rxc4 Rxc4 16. Bxc4 Nb6 17. Bb3 Nd5 18. Bg5 Nf6 19. Be3 Be4 20. Bd1
Qc7 21. Re1 Rc8 22. Bf4 Qd8 23. Bg5 Bd5 24. Be3 a6 25. Bc2 b5 26. Rc1 Ne4
27. Qd3 g6 28. Qe2 Ng5 29. Nh2 Bd6 30. Nf1 Ne4 31. Bd3 Rxc1 32. Bxc1 Nf6 33.
Qc2 Qc7 34. Ne3 Qxc2 35. Bxc2 Be4 36. Bd1 Nd7 37. Nc2 Nb8 38. Be3 Bd5 39.
Nb4 Bxb4 40. axb4 Nc6 41. Bd2 Nxd4 42. Bc3 Nc6 43. Kf1 Kf8 44. g3 Ke7 45.
Ke2 f5 46. Ke3 e5 47. Bf3 Ke6 48. Bxd5+ Kxd5 49. f3 g5 50. Kd3 h5 51. b3 Nd8
52. Ke3 Ne6 53. Kd3 Nd4 54. Bxd4 exd4 55. f4 gxf4 56. gxf4 h4 57. Kd2 Ke4
58. Ke2 Kxf4 59. Kd3 Kg3 60. Kxd4 Kxh3 61. Ke5 Kg4 62. Kd6 h3 63. Kc6 h2 64.
Kb6 h1=Q 65. Kxa6 Qc6+ 66. Ka5 Qd5 67. Ka6 Qxb3 68. Ka7 Qxb4 69. Ka8 Qe7 70.
Kb8 Kf4 71. Ka8 Ke5 72. Kb8 Kd6 73. Ka8 Kc6 74. Kb8 Qb7# {White checkmated}
0-1

[Event "ICC tourney 1954 (60 10)"]
[Site "Internet Chess Club"]
[Date "2020.08.09"]
[Round "8"]
[White "LittlePawn135"]
[Black "Jesserocks135"]
[Result "0-1"]
[ICCResult "White checkmated"]
[WhiteElo "439"]
[BlackElo "1242"]
[Opening "Sicilian: Nimzovich-Rossolimo attack (with ...g6, without ...d6)"]
[ECO "B31"]
[NIC "SI.31"]
[Time "15:18:15"]
[TimeControl "3600+10"]

1. e4 c5 2. Nf3 Nc6 3. Bb5 g6 4. d4 cxd4 5. Nxd4 Nf6 6. Nc3 Bg7 7. Nxc6 bxc6
8. Bd3 O-O 9. O-O d5 10. exd5 Nxd5 11. Nxd5 cxd5 12. Rb1 Re8 13. Bd2 e5 14.
f3 e4 15. fxe4 dxe4 16. Be2 Qd4+ 17. Kh1 Bb7 18. Bc3 Qxd1 19. Rfxd1 Bxc3 20.
bxc3 Bc6 21. Bc4 Kg7 22. Rd6 Rac8 23. Ba6 Rc7 24. Rb4 e3 25. Rxc6 Rxc6 26.
Bb5 Rce6 27. Bxe8 e2 28. h3 e1=Q+ 29. Kh2 Rxe8 30. Rc4 Qe5+ 31. Kh1 Qd5 32.
Rd4 Qc5 33. Rd3 Re1+ 34. Kh2 Qe5+ 35. Rg3 Re3 36. Kg1 Qxg3 37. Kf1 Re1#
{White checkmated}
0-1

[Event "ICC tourney 1954 (60 10)"]
[Site "Internet Chess Club"]
[Date "2020.08.09"]
[Round "8"]
[White "joshhansen7"]
[Black "jerryjhzhang"]
[Result "1-0"]
[ICCResult "Black checkmated"]
[WhiteElo "306"]
[BlackElo "811"]
[Opening "Four knights: Scotch, 4...exd4"]
[ECO "C47"]
[NIC "KP.06"]
[Time "15:18:15"]
[TimeControl "3600+10"]

1. e4 e5 2. Nf3 Nc6 3. Nc3 Nf6 4. d4 exd4 5. Nxd4 Nxd4 6. Qxd4 Be7 7. Be3
O-O 8. e5 Ne8 9. f4 b6 10. g3 Bc5 11. Qe4 c6 12. Bxc5 bxc5 13. b3 d6 14. Bd3
Rb8 15. Qxh7# {Black checkmated} 1-0

[Event "ICC tourney 1954 (60 10)"]
[Site "Internet Chess Club"]
[Date "2020.08.09"]
[Round "8"]
[White "GIML"]
[Black "BabyCheeks25"]
[Result "1-0"]
[ICCResult "Black checkmated"]
[WhiteElo "1096"]
[BlackElo "832"]
[Opening "Caro-Kann: Tartakower (fantasy) variation"]
[ECO "B12"]
[NIC "CK.02"]
[Time "15:18:35"]
[TimeControl "3600+10"]

1. e4 c6 2. d4 d5 3. f3 Nf6 4. Nc3 dxe4 5. fxe4 Bg4 6. Be2 Bxe2 7. Ngxe2 e6
8. O-O Be7 9. Be3 O-O 10. Qd2 Ng4 11. Bf4 Nf6 12. e5 Nd5 13. Nxd5 exd5 14.
Ng3 h6 15. Bxh6 gxh6 16. Qxh6 Bg5 17. Qh5 Bh4 18. Nf5 Bg5 19. Rf3 f6 20.
exf6 Bxf6 21. Rg3+ Bg5 22. Rxg5+ Qxg5 23. Qxg5+ Kf7 24. Qg7+ Ke6 25. Qe5+
Kd7 26. Qd6+ Kc8 27. Ne7# {Black checkmated} 1-0

[Event "ICC tourney 1954 (60 10)"]
[Site "Internet Chess Club"]
[Date "2020.08.09"]
[Round "8"]
[White "vedanta07"]
[Black "EW2006"]
[Result "0-1"]
[ICCResult "White resigns"]
[WhiteElo "1238"]
[BlackElo "1070"]
[Opening "Philidor: exchange variation"]
[ECO "C41"]
[NIC "KP.08"]
[Time "15:18:33"]
[TimeControl "3600+10"]

1. e4 e5 2. Nf3 d6 3. d4 exd4 4. Nxd4 Be7 5. Nc3 Bf6 6. Be3 Ne7 7. Bc4 O-O
8. O-O Nbc6 9. Re1 Nxd4 10. Bxd4 Bxd4 11. Qxd4 Nc6 12. Qd1 Re8 13. Qf3 Be6
14. Bb3 Qe7 15. Qe2 Nd4 16. Qd3 Nxb3 17. axb3 a6 18. f3 Red8 19. Nd5 Bxd5
20. exd5 Qd7 21. Re3 Re8 22. Rae1 Rxe3 23. Qxe3 Kf8 24. Qe4 Re8 25. Qxe8+
Qxe8 26. Rxe8+ Kxe8 27. Kf2 Ke7 28. Ke3 Kf6 29. h4 Ke5 30. c4 f5 31. f4+ Kf6
32. h5 g6 33. hxg6 hxg6 34. Kd4 b6 35. b4 g5 36. g3 gxf4 37. gxf4 Kg6 38. c5
Kh5 39. cxd6 cxd6 40. Ke3 Kg4 41. b5 axb5 42. b4 Kg3 43. Ke2 Kxf4 44. Kf2
Ke4 45. Ke2 Kxd5 46. Ke3 Kc4 47. Kf4 Kxb4 48. Kxf5 Kc4 49. Ke4 Kc3 50. Kd5
b4 51. Kxd6 b3 52. Kc6 b2 53. Kxb6 b1=Q+ 54. Kc5 Qf5+ 55. Kd6 Kc4 56. Kc6
Qf6+ 57. Kc7 Kc5 58. Kb7 Qb6+ 59. Ka8 Qf6 60. Ka7 Kb5 61. Kb7 Qf7+ 62. Ka8
Kb6 {White resigns} 0-1

[Event "ICC tourney 1954 (60 10)"]
[Site "Internet Chess Club"]
[Date "2020.08.09"]
[Round "8"]
[White "srikardesu"]
[Black "Lucasmoon17"]
[Result "1-0"]
[ICCResult "Black checkmated"]
[WhiteElo "213"]
[BlackElo "614"]
[Opening "Giuoco Piano"]
[ECO "C50"]
[NIC "IG.02"]
[Time "15:18:25"]
[TimeControl "3600+10"]

1. e4 e5 2. Nf3 Nc6 3. Bc4 Bc5 4. Ng5 Qxg5 5. d3 Qxg2 6. Kd2 Qxf2+ 7. Qe2
Bb4+ 8. c3 Qf4+ 9. Kc2 Qf6 10. cxb4 Nd4+ 11. Kd2 Nxe2 12. Kxe2 d6 13. Rg1
Nh6 14. Nc3 Bg4+ 15. Ke3 Qf3+ 16. Kd2 Qf2+ 17. Ne2 Qxe2+ 18. Kc3 O-O 19. h3
Bf3 20. Bxh6 Bg2 21. d4 gxh6 22. Bxe2 exd4+ 23. Kxd4 a5 24. Rxg2+ Kh8 25.
bxa5 Rxa5 26. e5 dxe5+ 27. Ke4 c5 28. h4 b5 29. a3 c4 30. b4 Ra4 31. Bd1
Raa8 32. Be2 c3 33. Kd3 Rac8 34. Bg4 Rc7 35. a4 bxa4 36. Rxa4 Rd8+ 37. Kc2
e4 38. Be2 e3 39. b5 Rd2+ 40. Kc1 c2 41. Ra8+ Rc8 42. Rxc8+ Rd8 43. Rxd8#
{Black checkmated}
1-0

[Event "ICC tourney 1954 (60 10)"]
[Site "Internet Chess Club"]
[Date "2020.08.09"]
[Round "8"]
[White "ronTic"]
[Black "BenPaquet"]
[Result "1-0"]
[ICCResult "Black resigns"]
[WhiteElo "1185"]
[BlackElo "864"]
[Opening "Giuoco Piano"]
[ECO "C54"]
[NIC "IG.02"]
[Time "15:19:11"]
[TimeControl "3600+10"]

1. e4 e5 2. Nf3 Nc6 3. Bc4 Bc5 4. c3 Nf6 5. d4 exd4 6. e5 Ng4 7. cxd4 Bb4+
8. Nc3 O-O 9. O-O d6 10. h3 Nh6 11. Bg5 Qd7 12. Nd5 dxe5 13. Bxh6 gxh6 14.
Nf6+ Kh8 15. Nxd7 {Black resigns} 1-0

[Event "ICC tourney 1954 (60 10)"]
[Site "Internet Chess Club"]
[Date "2020.08.09"]
[Round "8"]
[White "stephenwilly"]
[Black "worldcupgirl"]
[Result "1-0"]
[ICCResult "Black resigns"]
[WhiteElo "1158"]
[BlackElo "1338"]
[Opening "Sicilian: Kan, 5.Nc3"]
[ECO "B43"]
[NIC "SI.41"]
[Time "15:19:11"]
[TimeControl "3600+10"]

1. e4 c5 2. Nf3 e6 3. d4 cxd4 4. Nxd4 a6 5. Nc3 b5 6. a3 Bb7 7. Be3 d6 8.
Be2 Nf6 9. Bf3 Nbd7 10. O-O Be7 11. b4 O-O 12. a4 bxa4 13. Rxa4 Rc8 14. Qd2
Nb6 15. Raa1 Nc4 16. Qe2 Nxe3 17. Qxe3 Nd7 18. Bg4 Ne5 19. Bxe6 fxe6 20.
Nxe6 Qe8 21. Nxf8 Qxf8 22. Nd5 Bxd5 23. exd5 Rxc2 24. Rxa6 Ng4 25. Qe6+ Kh8
26. Qxg4 Rd2 27. Qd7 Bh4 28. g3 Bf6 29. Rxd6 Kg8 30. Re6 Bd4 31. Re8 Bxf2+
32. Kh1 h6 33. Rxf8+ Kxf8 34. Qd8+ Kf7 35. Qc7+ Kf8 36. Qf4+ Kg8 37. Qxd2
{Black resigns}
1-0

[Event "ICC tourney 1954 (60 10)"]
[Site "Internet Chess Club"]
[Date "2020.08.09"]
[Round "8"]
[White "chessrdu20"]
[Black "kstao17"]
[Result "1-0"]
[ICCResult "Black resigns"]
[WhiteElo "1005"]
[BlackElo "569"]
[Opening "King's pawn game"]
[ECO "C50"]
[NIC "IG.03"]
[Time "15:18:16"]
[TimeControl "3600+10"]

1. e4 e5 2. Nf3 Nc6 3. Bc4 h6 4. Nc3 Nf6 5. d3 Bb4 6. Bd2 d6 7. a3 Bxc3 8.
Bxc3 O-O 9. h3 Re8 10. Qd2 Bd7 11. O-O-O Qe7 12. Rhe1 Be6 13. Bxe6 Qxe6 14.
Qe2 a6 15. d4 exd4 16. Nxd4 Nxd4 17. Rxd4 c5 18. Rd3 Qxe4 19. Qxe4 Rxe4 20.
Red1 Re6 21. Rxd6 Rxd6 22. Rxd6 Ne4 23. Rb6 Nxc3 24. bxc3 Rb8 25. Kb2 Kf8
26. Kb3 Ke7 27. Kc4 Kd7 28. Kxc5 Rc8+ 29. Kb4 Rb8 30. Kb3 Kc7 31. Rb4 f6 32.
a4 a5 33. Rb5 b6 34. c4 Rd8 35. c5 bxc5 36. Rxc5+ Kb6 37. Rb5+ Ka6 38. Kc4
Rd2 39. Rf5 Rxc2+ 40. Kb3 Rc7 41. Rf3 Rc6 42. Rc3 Rxc3+ 43. Kxc3 Kb6 44. Kc4
Kc6 45. f3 g6 46. g3 h5 47. h4 f5 48. f4 Kb6 49. Kd5 Kc7 50. Kc5 Kd7 51. Kb5
Kd6 52. Kxa5 Kc5 53. Ka6 Kc6 54. a5 Kc5 55. Kb7 Kb5 56. a6 Kc4 57. a7 Kd5
58. a8=Q {Black resigns} 1-0

[Event "ICC tourney 1954 (60 10)"]
[Site "Internet Chess Club"]
[Date "2020.08.09"]
[Round "8"]
[White "wulovechess"]
[Black "ltristam"]
[Result "1-0"]
[ICCResult "Black resigns"]
[WhiteElo "1058"]
[BlackElo "1227"]
[Opening "Sicilian"]
[ECO "B56"]
[NIC "SI.25"]
[Time "15:19:11"]
[TimeControl "3600+10"]

1. e4 c5 2. Nf3 d6 3. d4 cxd4 4. Nxd4 Nf6 5. Nc3 Nc6 6. Be3 e5 7. Nb3 Be6 8.
Bd3 Be7 9. O-O O-O 10. f3 a6 11. Qd2 Qc7 12. a4 Nb4 13. Be2 Rfd8 14. a5 Rd7
15. Bb6 Qc8 16. Ra4 d5 17. exd5 Nbxd5 18. Bf2 Nb6 19. Bxb6 Rxd2 20. Nxd2
Bc5+ 21. Kh1 Bxb6 22. axb6 Nd5 23. Rc4 Qd8 24. Nxd5 Bxd5 25. Rc7 Rc8 26. Bc4
Bxc4 27. Rxc4 Rxc4 28. Nxc4 f6 29. h3 Qd5 30. b3 a5 31. Ne3 Qb5 32. Nc4 a4
33. Ra1 axb3 34. Ra8+ Kf7 35. Nd6+ Kg6 36. Nxb5 bxc2 37. Ra1 {Black resigns}
1-0

[Event "ICC tourney 1954 (60 10)"]
[Site "Internet Chess Club"]
[Date "2020.08.09"]
[Round "8"]
[White "chakwo456"]
[Black "buptwy"]
[Result "1-0"]
[ICCResult "Black checkmated"]
[WhiteElo "1097"]
[BlackElo "572"]
[Opening "Giuoco Piano: four knights variation"]
[ECO "C50"]
[NIC "IG.02"]
[Time "15:19:26"]
[TimeControl "3600+10"]

1. e4 e5 2. Nf3 Nc6 3. Bc4 Bc5 4. Nc3 Nf6 5. O-O O-O 6. d3 d6 7. Bg5 Bg4 8.
Nd5 h6 9. Nxf6+ gxf6 10. Bxh6 Re8 11. Be3 Nd4 12. Bxd4 Bxd4 13. c3 Bb6 14.
Qb3 Be6 15. Bxe6 fxe6 16. d4 Kf7 17. Rad1 Rg8 18. dxe5 fxe5 19. Nxe5+ Ke7
20. Nf3 Qf8 21. Nd4 Qf6 22. Rd3 e5 23. Nf5+ Kd7 24. Qa4+ Kc8 25. Qc4 Qg6 26.
Ne7+ Kd8 27. Nxg6 Rxg6 28. Qf7 Rg4 29. Qf8+ Kd7 30. Qxa8 Kc6 31. Qe8+ Kc5
32. Rd5+ Kc4 33. Qb5# {Black checkmated} 1-0

[Event "ICC tourney 1954 (60 10)"]
[Site "Internet Chess Club"]
[Date "2020.08.09"]
[Round "8"]
[White "Snowzera"]
[Black "pvegesana"]
[Result "1-0"]
[ICCResult "Black resigns"]
[WhiteElo "1131"]
[BlackElo "1350"]
[Opening "Sicilian defense"]
[ECO "B30"]
[NIC "SI.31"]
[Time "15:18:19"]
[TimeControl "3600+10"]

1. e4 c5 2. Nf3 Nc6 3. c3 e6 4. d4 cxd4 5. cxd4 d5 6. exd5 exd5 7. Bb5 Bd7
8. Qe2+ Be7 9. Bg5 h6 10. Bh4 a6 11. Ba4 Rc8 12. Nc3 Be6 13. Bxe7 Nxe7 14.
O-O O-O 15. Bc2 Bg4 16. Rfe1 Bxf3 17. Qxf3 Nxd4 18. Qd3 Nxc2 19. Qxc2 d4 20.
Rad1 Nc6 21. Ne4 Qb6 22. Nd6 Rcd8 23. Nf5 Nb4 24. Qb3 Qc5 25. a3 Nc2 26.
Ne7+ Kh8 27. Re2 b5 28. Qxc2 Qd6 29. Qc6 Qf4 30. Qf3 Qxf3 31. gxf3 Rfe8 32.
Ree1 d3 33. Nc6 {Black resigns} 1-0

[Event "ICC tourney 1954 (60 10)"]
[Site "Internet Chess Club"]
[Date "2020.08.09"]
[Round "8"]
[White "stanwang"]
[Black "weheinrich"]
[Result "1-0"]
[ICCResult "Black resigns"]
[WhiteElo "1392"]
[BlackElo "1004"]
[Opening "Scotch gambit"]
[ECO "C44"]
[NIC "SO.06"]
[Time "15:19:11"]
[TimeControl "3600+10"]

1. e4 e5 2. Nf3 Nc6 3. d4 exd4 4. Bc4 h6 5. Nxd4 Nxd4 6. Qxd4 d6 7. O-O Qf6
8. Qxf6 Nxf6 9. Bf4 g5 10. Bg3 Be6 11. Bxe6 fxe6 12. e5 Nh5 13. exd6 Nxg3
14. fxg3 Bxd6 15. Nc3 O-O-O 16. Kh1 c6 17. Rae1 e5 18. Ne4 Bc7 19. Nc5 Rde8
20. Re2 Bb6 21. Na4 Bc7 22. Rfe1 Rhf8 23. Nc3 Re7 24. a3 Ref7 25. h3 e4 26.
Nxe4 Rf1+ 27. Rxf1 Rxf1+ 28. Kh2 Bb6 29. Nd2 Rf8 30. g4 Bc7+ 31. g3 b6 32.
Kg2 Kb7 33. Re6 Rd8 34. Nc4 b5 35. Ne3 Rd2+ 36. Kf1 Bb6 37. Ke1 Rh2 38. Kf1
Rxh3 39. Kg2 Rxg3+ 40. Kxg3 Bc7+ 41. Kf3 Bf4 42. Rxh6 Kb6 43. Nd5+
{Black resigns}
1-0

[Event "ICC tourney 1954 (60 10)"]
[Site "Internet Chess Club"]
[Date "2020.08.09"]
[Round "8"]
[White "JKnapp"]
[Black "Andrew588"]
[Result "0-1"]
[ICCResult "White resigns"]
[WhiteElo "798"]
[BlackElo "1208"]
[Opening "Pirc: classical (two knights) system"]
[ECO "B08"]
[NIC "PU.10"]
[Time "15:19:20"]
[TimeControl "3600+10"]

1. d4 Nf6 2. Nc3 g6 3. e4 d6 4. Nf3 Bg7 5. Bd3 O-O 6. Bf4 Nbd7 7. O-O Re8 8.
e5 dxe5 9. dxe5 Nh5 10. Qd2 c6 11. Bh6 Nxe5 12. Nxe5 Bxe5 13. Rfe1 Bd6 14.
Rad1 e6 15. Ne4 Be5 16. Qe3 Qh4 17. h3 Bf4 18. Qf3 Bxh6 19. Nd6 Rf8 20. Re4
Qe7 21. Be2 Nf6 22. Rh4 Bg7 23. Ne4 Nd5 24. Rg4 e5 25. Rg3 h5 26. Rg5 Bf5
27. Bd3 Bxe4 28. Bxe4 Qxg5 29. Bxd5 cxd5 30. Qxd5 Rad8 {White resigns} 0-1

[Event "ICC tourney 1954 (60 10)"]
[Site "Internet Chess Club"]
[Date "2020.08.09"]
[Round "8"]
[White "Mikanikal"]
[Black "FishBoy"]
[Result "1-0"]
[ICCResult "Black resigns"]
[WhiteElo "1360"]
[BlackElo "1116"]
[Opening "Queen's pawn, Mason variation"]
[ECO "D00"]
[NIC "QP.08"]
[Time "15:18:59"]
[TimeControl "3600+10"]

1. d4 d5 2. Bf4 Nf6 3. e3 Bf5 4. Bd3 Bg6 5. c3 e6 6. Nf3 Bd6 7. Ne5 Nbd7 8.
Qc2 Qe7 9. Nd2 c6 10. h3 Qd8 11. Nxg6 hxg6 12. Bxd6 Nb6 13. Bg3 Qd7 14.
O-O-O O-O 15. e4 dxe4 16. Nxe4 Nxe4 17. Bxe4 Nd5 18. h4 Nf6 19. Bf3 Rac8 20.
h5 Nxh5 21. Bxh5 gxh5 22. Rxh5 g6 23. Rh3 b5 24. Rdh1 Kg7 25. Be5+
{Black resigns}
1-0

[Event "ICC tourney 1954 (60 10)"]
[Site "Internet Chess Club"]
[Date "2020.08.09"]
[Round "8"]
[White "Rockstaryoyo901"]
[Black "karmapillai"]
[Result "0-1"]
[ICCResult "White resigns"]
[WhiteElo "765"]
[BlackElo "1082"]
[Opening "Giuoco Piano"]
[ECO "C54"]
[NIC "IG.02"]
[Time "15:19:11"]
[TimeControl "3600+10"]

1. e4 e5 2. Nf3 Nc6 3. Bc4 Bc5 4. c3 Nf6 5. d4 exd4 6. cxd4 Bb4+ 7. Bd2
Bxd2+ 8. Nbxd2 O-O 9. O-O Re8 10. Ng5 Rf8 11. Qb3 Qe7 12. e5 Ne8 13. Nxf7
Rxf7 14. e6 dxe6 15. d5 Na5 16. Qa4 Nxc4 17. dxe6 Bxe6 18. Nxc4 Rf4 19. Rac1
Qf7 20. b3 a6 21. Rfe1 b5 22. Ne5 bxa4 23. Nxf7 Kxf7 24. bxa4 Bxa2 25. Rxe8
Kxe8 26. Rxc7 Rb8 27. Rc1 Rb1 28. Rxb1 Bxb1 {White resigns} 0-1

[Event "ICC tourney 1954 (60 10)"]
[Site "Internet Chess Club"]
[Date "2020.08.09"]
[Round "8"]
[White "viratfan"]
[Black "ProfP"]
[Result "1-0"]
[ICCResult "Black resigns"]
[WhiteElo "332"]
[BlackElo "569"]
[Opening "French: Winawer (Nimzovich) variation"]
[ECO "C15"]
[NIC "FR.08"]
[Time "15:19:04"]
[TimeControl "3600+10"]

1. e4 e6 2. d4 d5 3. Nc3 Bb4 4. exd5 exd5 5. Qf3 Nf6 6. Bg5 h6 7. Bxf6 Qxf6
8. Qxf6 Bxc3+ 9. bxc3 gxf6 10. Ne2 Bf5 11. Nf4 c6 12. Kd2 Na6 13. Bxa6 bxa6
14. Rhe1+ Kd7 15. Nh5 Kd6 16. Nxf6 Rac8 17. g4 Bg6 18. Re5 c5 19. Rae1 Be4
20. Nxe4+ dxe4 21. R1xe4 cxd4 22. cxd4 Rc4 23. c3 Rhc8 24. Rf4 Rxc3 25. Rf6+
Kd7 26. Rxf7+ Kd6 27. Rf6+ Kd7 28. Rxh6 Rc2+ 29. Ke3 R8c3+ 30. Ke4 Rxa2 31.
f4 Rca3 32. Rh7+ Kd8 33. Rxa7 Rxh2 34. g5 Re2+ 35. Kd5 Ra5+ 36. Kd6 Kc8 37.
Rxe2 {Black resigns} 1-0

[Event "ICC tourney 1954 (60 10)"]
[Site "Internet Chess Club"]
[Date "2020.08.09"]
[Round "8"]
[White "Deanmoon32"]
[Black "charlestxie"]
[Result "0-1"]
[ICCResult "White resigns"]
[WhiteElo "1020"]
[BlackElo "1325"]
[Opening "French: Labourdonnais variation"]
[ECO "C00"]
[NIC "FR.01"]
[Time "15:18:38"]
[TimeControl "3600+10"]

1. e4 e6 2. f4 d5 3. d3 dxe4 4. Nc3 exd3 5. Bxd3 Bd6 6. Nf3 Nf6 7. O-O O-O
8. f5 exf5 9. Bg5 h6 10. Bxf6 Qxf6 11. Nd5 Qxb2 12. Nh4 Qd4+ 13. Kh1 Qxh4
14. g3 Bxg3 15. Ne7+ Qxe7 16. hxg3 Nc6 17. Qh5 Qf6 18. g4 f4 19. g5 Qxg5 20.
Qxg5 hxg5 21. Kg2 g6 22. Rh1 Be6 23. Be4 Kg7 24. Bxc6 bxc6 25. Rh2 Bd5+ 26.
Kf2 Rh8 27. Rxh8 Rxh8 28. Rb1 Rh2+ 29. Kg1 Rh1+ {White resigns} 0-1

[Event "ICC tourney 1954 (60 10)"]
[Site "Internet Chess Club"]
[Date "2020.08.09"]
[Round "8"]
[White "srirammarni"]
[Black "tarunrswami"]
[Result "0-1"]
[ICCResult "White checkmated"]
[WhiteElo "882"]
[BlackElo "848"]
[Opening "Giuoco Piano: four knights variation"]
[ECO "C50"]
[NIC "IG.02"]
[Time "15:19:31"]
[TimeControl "3600+10"]

1. e4 e5 2. Nf3 Nc6 3. Bc4 Bc5 4. Nc3 Nf6 5. O-O d6 6. d3 Bg4 7. h3 Bh5 8.
Bg5 Nd4 9. Nd5 Nxf3+ 10. gxf3 c6 11. Nxf6+ gxf6 12. Bh6 Rg8+ 13. Kh1 Qd7 14.
Kh2 Rg6 15. Be3 O-O-O 16. Rg1 Rdg8 17. Qe2 f5 18. Rxg6 Rxg6 19. exf5 Qxf5
20. Bxc5 Bxf3 21. Qf1 Qf4# {White checkmated} 0-1

[Event "ICC tourney 1954 (60 10)"]
[Site "Internet Chess Club"]
[Date "2020.08.09"]
[Round "8"]
[White "JerryZhu"]
[Black "sujay2010"]
[Result "0-1"]
[ICCResult "White resigns"]
[WhiteElo "1162"]
[BlackElo "1398"]
[Opening "QGD: 3...Nf6"]
[ECO "D35"]
[NIC "QO.16"]
[Time "15:19:11"]
[TimeControl "3600+10"]

1. d4 Nf6 2. c4 e6 3. Nc3 d5 4. e3 Be7 5. Nf3 O-O 6. Bd3 b6 7. O-O Bb7 8.
Re1 c5 9. e4 dxe4 10. Bxe4 Nxe4 11. Nxe4 cxd4 12. Nxd4 e5 13. Nf5 Bb4 14.
Qxd8 Rxd8 15. Re2 Rd1+ {White resigns} 0-1

[Event "ICC tourney 1954 (60 10)"]
[Site "Internet Chess Club"]
[Date "2020.08.09"]
[Round "8"]
[White "nguyencaptures"]
[Black "DanielYang99"]
[Result "1-0"]
[ICCResult "Black resigns"]
[WhiteElo "1132"]
[BlackElo "583"]
[Opening "Giuoco Piano"]
[ECO "C53"]
[NIC "IG.02"]
[Time "15:19:11"]
[TimeControl "3600+10"]

1. e4 e5 2. Nf3 Nc6 3. Bc4 Bc5 4. c3 Bb6 5. O-O Nf6 6. d3 h6 7. Bd2 O-O 8.
h3 d6 9. Na3 Be6 10. Bxe6 fxe6 11. Qe2 Qe7 12. Nc4 Rad8 13. Nxb6 axb6 14.
Nh4 Qf7 15. Rfe1 d5 16. exd5 exd5 17. b4 e4 18. b5 exd3 19. Qxd3 Na5 20. Nf5
Ne4 21. g4 Qg6 22. Ne7+ Kh7 23. Nxg6 Kxg6 24. f3 Nc4 25. fxe4 Nxd2 26. exd5+
Kf7 27. Qxd2 c6 28. bxc6 bxc6 29. Qe2 cxd5 {Black resigns} 1-0

[Event "ICC tourney 1954 (60 10)"]
[Site "Internet Chess Club"]
[Date "2020.08.09"]
[Round "8"]
[White "johnique"]
[Black "Rhinoguy"]
[Result "0-1"]
[ICCResult "White resigns"]
[WhiteElo "1343"]
[BlackElo "1201"]
[Opening "QGD: 4.Bg5"]
[ECO "D50"]
[NIC "QO.16"]
[Time "15:19:11"]
[TimeControl "3600+10"]

1. d4 Nf6 2. c4 e6 3. Nc3 d5 4. Bg5 dxc4 5. e3 h6 6. Bh4 Nc6 7. Bxc4 Be7 8.
Nf3 O-O 9. O-O Re8 10. Ne5 Nxe5 11. dxe5 Nd7 12. Bg3 Bh4 13. f4 Bxg3 14.
hxg3 f6 15. exf6 Nxf6 16. Qxd8 Rxd8 17. Rad1 Rf8 18. Rd2 Ng4 19. Re1 Kh8 20.
Bb3 e5 21. Bd1 exf4 22. Bxg4 fxe3 23. Rde2 Bxg4 24. Rxe3 Rad8 25. Nb5 c6 26.
Nxa7 Ra8 27. Ra3 Rfd8 28. Re7 Rd2 29. b3 Rd1+ 30. Kf2 Rd2+ 31. Kg1 Rd1+ 32.
Kf2 Rf8+ 33. Ke3 Re1+ {White resigns} 0-1

[Event "ICC tourney 1954 (60 10)"]
[Site "Internet Chess Club"]
[Date "2020.08.09"]
[Round "8"]
[White "Jeffchess"]
[Black "temporarydanger"]
[Result "1-0"]
[ICCResult "Black checkmated"]
[WhiteElo "1373"]
[BlackElo "1163"]
[Opening "Center game"]
[ECO "C21"]
[NIC "KP.04"]
[Time "15:19:03"]
[TimeControl "3600+10"]

1. e4 e5 2. d4 exd4 3. Nf3 Nf6 4. Bg5 Bc5 5. e5 h6 6. exf6 hxg5 7. fxg7 Rg8
8. Nxd4 Qf6 9. c3 Nc6 10. Qe2+ Kd8 11. Nxc6+ bxc6 12. Nd2 Qxg7 13. O-O-O Rb8
14. Nb3 Bd6 15. g3 Re8 16. Qc2 Qe5 17. Bc4 Qf6 18. Rde1 Be5 19. Qh7 d5 20.
Qd3 Bf5 21. Qd2 Kc8 22. Ba6+ Kd8 23. f4 gxf4 24. gxf4 Bd6 25. Rxe8+ Kxe8 26.
Re1+ Be6 27. Rf1 Bh3 28. Qe3+ Qe6 29. Qxe6+ fxe6 30. Rf2 Bg4 31. Nd4 Kd7 32.
Be2 Bh3 33. Bf1 Bg4 34. h3 Bh5 35. f5 c5 36. fxe6+ Ke7 37. Nc6+ Kxe6 38.
Nxb8 Bg3 39. Rg2 Bf4+ 40. Kb1 Bf3 41. Rf2 Be4+ 42. Ka1 Bg3 43. Re2 Kf5 44.
Bg2 Bxg2 45. Rxg2 Be5 46. Nd7 Bd6 47. h4 d4 48. cxd4 cxd4 49. h5 Bf4 50. Rf2
Kg5 51. Nc5 Be3 52. Kb1 Bxf2 53. Ne4+ Kxh5 54. Nxf2 Kg5 55. Kc2 Kf4 56. Kd3
Ke5 57. Nd1 c5 58. b3 Kd5 59. Nb2 a5 60. Nc4 Kc6 61. Nxa5+ Kb5 62. Nc4 Kb4
63. Kc2 Kb5 64. Nb2 Kb4 65. Nd3+ Kb5 66. Kb2 c4 67. Nc1 c3+ 68. Kc2 Kb4 69.
Kd3 Ka3 70. Kc2 Kb4 71. Ne2 Ka3 72. Nxd4 Kxa2 73. b4 Ka3 74. b5 Kb4 75. Kd3
Kc5 76. Kxc3 Kb6 77. Kc4 Kc7 78. Kc5 Kb7 79. Nc6 Kc7 80. Na5 Kb8 81. Kb6 Ka8
82. Ka6 Kb8 83. Nb3 Ka8 84. b6 Kb8 85. b7 Kc7 86. Ka7 Kc6 87. b8=Q Kd5 88.
Qb5+ Kd6 89. Nd4 Ke7 90. Qe5+ Kd7 91. Kb7 Kd8 92. Nc6+ Kd7 93. Qe7#
{Black checkmated}
1-0